AoeStats
← Joxer The Mighty

Four Lakes

509492823Analyzed
1v1 RM · 5d ago on Sep 27, 2026· 82m 37s· 2 players
Game mode
Random Map
Map size
Tiny (2 player)
Population
200
Speed
Normal
Resources
Standard
Victory
Conquest
Starting age
Dark Age
Ending age
Imperial Age
RankedLock teamsTeams togetherTeam positionsShared explorationLock speedFull tech treeHidden civsTurbo modeCheats
Victory
Defeat
🇧🇷 Japanese · Brazil
1435
+17
🇧🇧 Bulgarians · Barbados
1449
-17
Joxer The Mighty
8:19 Loom
12:31 Feudal Age
13:05 Double-Bit Axe
14:43 Wheelbarrow
18:38 Castle Age
16:40 Fishing Lines
17:14 Gold Mining
17:16 Stone Mining
19:15 Fletching
19:40 Bow Saw
21:48 Guard Tower
22:40 Bodkin Arrow
23:58 Horse Collar
26:09 Murder Holes
26:35 Ballistics
27:06 Crossbowman
30:33 Heavy Plow
31:19 Gold Shaft Mining
36:14 Imperial Age
34:39 Thumb Ring
34:59 Hand Cart
34:29 Town Watch
36:06 Gambesons
36:22 Squires
37:23 Conscription
37:59 Yasama
37:48 Arrowslits
40:24 Two-Man Saw
39:31 Bracer
40:51 Keep
42:21 Chemistry
44:33 Arbalester
46:32 Town Patrol
46:05 Pikeman
48:09 Padded Archer Armor
48:10 Scale Mail Armor
48:20 Forging
48:23 Masonry
48:00 Elite Skirmisher
48:28 Arson
49:13 Halberdier
51:02 Kataparuto
51:24 Leather Archer Armor
53:46 Treadmill Crane
53:50 Man-at-Arms
54:15 Gambesons
54:33 Long Swordsman
56:14 Siege Engineers
55:41 Two-Handed Swordsman
58:36 Ring Archer Armor
58:22 Chain Mail Armor
60:42 Champion
62:37 Plate Mail Armor
62:43 Iron Casting
71:57 Hoardings
>Heros<=Eminem*
11:58 Feudal Age
12:24 Double-Bit Axe
12:52 Fishing Lines
15:08 Loom
17:28 Castle Age
16:03 Gold Mining
17:03 Fletching
17:26 Forging
18:18 Scale Barding Armor
20:03 Iron Casting
21:03 Chain Barding Armor
22:13 Medium Warships
22:20 Gillnets
23:20 Bow Saw
24:32 Horse Collar
25:45 Wheelbarrow
25:42 Heavy Plow
27:54 Gold Shaft Mining
31:42 Imperial Age
29:28 Hand Cart
30:20 Stone Mining
33:01 Plate Barding Armor
33:07 Crop Rotation
33:43 Blast Furnace
35:18 Stone Shaft Mining
34:44 Scale Mail Armor
35:07 Stirrups
36:08 Elite Konnik
38:37 Fletching
41:26 Bodkin Arrow
40:58 Elite Skirmisher
43:41 Thumb Ring
43:39 Bracer
44:42 Padded Archer Armor
47:03 Leather Archer Armor
49:59 Ballistics
50:42 Chemistry
51:18 Masonry
57:07 Gambesons
57:22 Squires
57:08 Arson
57:26 Husbandry
57:37 Bloodlines
59:10 Chain Mail Armor
Connection lost

Rejoining the realm…

Still unreachable

The connection could not be restored.

Session expired

The server has moved on; the page needs a fresh start.